 Dungeon Sprint DCSS version 0.27-a0-277-g024f7ef292 (webtiles) character file.

Game seed: 15290567240983710195

54541 mhtbhm the Executioner (level 14, -3/154 HPs)
             Began as a Minotaur Fighter on Feb 5, 2021.
             Was the Champion of Trog.
             Slain by an orc knight
             ... wielding a +3 dire flail
              (17 damage)
             ... in the Dungeon (Sprint VII: "The Pits").
             The game lasted 00:13:17 (4951 turns).

mhtbhm the Executioner (Minotaur Fighter)           Turns: 4951, Time: 00:13:17

Health: -3/154     AC: 23    Str: 29    XL:     14   Next: 35%
Magic:  13/13      EV: 13    Int:  5    God:    Trog [******]
Gold:   35         SH: 24    Dex: 10    Spells: 13/13 levels left

rFire    . . .     SeeInvis .   a - +6 broad axe (flame)
rCold    . . .     Faith    .   c - +0 tower shield {rPois}
rNeg     . . .     Spirit   .   b - +4 chain mail
rPois    +         Reflect  .   (helmet restricted)
rElec    .         Harm     .   C - +2 cloak
rCorr    .         Rampage  .   (no gloves)
Will     +....     NoTele   +   (no boots)
Stlth    ..........             (no amulet)
HPRegen  0.35/turn              n - +3 ring of strength
MPRegen  0.13/turn              y - +4 ring of evasion

@: berserk cooldown, very slightly contaminated, slowed, glowing, constricted,
silenced, invisible (but backlit and visible), very slow
A: retaliatory headbutt, horns 2
a: Renounce Religion


You were in the Dungeon.
You worshipped Trog.
Trog was exalted by your worship.
You visited 1 branch You collected 35 gold pieces.

Inventory:

Hand Weapons
 a - a +6 broad axe of flaming (weapon)
 s - a +8 executioner's axe of flaming
 z - the +7 morningstar "Weik" {vamp, +Inv Int+2}
   (You found it in the Dungeon)

   It inflicts no extra harm, but heals its wielder when it wounds a living foe.
   It affects your intelligence (+2).
   It lets you turn invisible.
Missiles
 r - 23 javelins
Armour
 b - a +4 chain mail (worn)
 c - a +0 tower shield of poison resistance (worn)
 C - a +2 cloak (worn)
Jewellery
 n - a +3 ring of strength (left hand)
 x - an uncursed ring of positive energy
 y - a +4 ring of evasion (right hand)
 B - an uncursed ring of poison resistance
Wands
 A - a wand of iceblast (10)
Scrolls
 j - a scroll of blinking
 l - 5 scrolls of remove curse
 m - a scroll of summoning
 t - 6 scrolls of enchant armour
 u - 2 scrolls of fear
 v - a scroll of fog
Potions
 d - 4 potions of might
 e - 8 potions of curing
 f - 4 potions of heal wounds
 g - 4 potions of haste
 h - 4 potions of magic
 i - 5 potions of berserk rage
 k - a potion of invisibility
 p - a potion of resistance
Miscellaneous
 o - a lightning rod (4/4) (quivered)


   Skills:
 + Level 22.0 Fighting
 + Level 23.5 Axes
 + Level 20.7 Armour
 + Level 9.7 Dodging
 - Level 0.2 Stealth
 + Level 21.2 Shields
 + Level 5.3 Evocations


You had 13 spell levels left.
You didn't know any spells.
Your spell library was empty.

Dungeon Overview and Level Annotations

Branches:
Dungeon (1/1)

Altars:
Ashenzari
Cheibriados
Dithmenos
Elyvilon
Fedhas
Gozag
Hepliaklqana
Kikubaaqudgha
Makhleb
Nemelex Xobeh
Okawaru
Qazlal
Ru
Sif Muna
Trog
Uskayaw
Vehumet
Wu Jian
Xom
Yredelemnul
Zin
The Shining One
Beogh
Jiyva
Lugonu

Annotations:
D Mennas


Innate Abilities, Weirdness & Mutations

You reflexively headbutt those who attack you in melee.
You have a pair of horns on your head.


Message History

The orc knight hits your stone giant with a +3 dire flail!
Mennas misses you.
Mennas hits you from afar with a +3 trishula of holy wrath.
* * * LOW HITPOINT WARNING * * *
The orc warlord hits you with a +1 great sword of holy wrath!!
* * * LOW HITPOINT WARNING * * *
Unknown command.
You feel much better.
The sixfirhy hits you but does no damage.
You block the sixfirhy's attack. The sixfirhy barely misses you.
The sixfirhy hits you but does no damage.
Your stone giant hits the orc knight!
You block the sixfirhy's attack. You block Mennas's attack. x2
The naga warrior hits your stone giant with a +0 scimitar!
The naga warrior constricts you. Something hits your stone giant!
The orc knight hits you with a +0 battleaxe!
* * * LOW HITPOINT WARNING * * *
Your stone giant completely misses Mennas.
The orc knight hits you with a +3 dire flail!
You die...

'#*****************************#'
'###############################'
................................)
....)).........................).
.##############''##############..
.#,,,*,*,*,#........#,*,*,*,,,#.)
.#,*,*,*,#.#.#...†#.#.#,*,*,*,#..
.#,,,*,*,#.....o3.†...#,*,*,,,#..
.#*,**,*,#.#.#No@C#.#.#,*,**,*#..
.#,,,*+*+#....)oNoAN..#+*+*,,,#..
.#,*,*,,,#.#.#..N.#.#.#,,,*,*,#..
.#,,,*,,...............,,,*,,,#..
.#+***,*.#.#.#....#.#.#,*,***+#..
.#,,,,,,,#...#....#...#,,,,,,,#..
##*******###*######*###********++
############ ******************++
..'.....'|.##*,,,,**,,,*,*,*,,,,,


You could see Mennas (silencing), 2 orc warlords, 4 naga warriors, 2 orc
knights, a sixfirhy and a friendly stone giant (summoned, berserk).

Vanquished Creatures
  A royal mummy (D)
  the Lernaean hydra (D)
  A Killer Klown (D)
  A Brimstone Fiend (D)
  A Hell Sentinel (D)
  2 death cobs (D)
  A shadow dragon (D)
  A nagaraja (D)
  A draconian annihilator (D)
  A vampire knight (D)
  A minotaur (D)
  An eidolon (D)
  A deep elf death mage (D)
  A great orb of eyes (D)
  A hydra (D)
  A centaur warrior (D)
  A merfolk avatar (D)
  A two-headed ogre (D)
  A death knight (D)
  An alligator snapping turtle (D)
  2 hell hogs (D)
  A death yak (D)
  Urug (D)
  A deep elf knight (D)
  A sun demon (D)
  A fire crab (D)
  2 skeletal warriors (D)
  A deep troll (D)
  A lindwurm (D)
  10 orc knights (D)
  A phantasmal warrior (D)
  2 deep elf zephyrmancers (D)
  An orc sorcerer (D)
  A cyclops (D)
  A guardian serpent (D)
  A black mamba (D)
  An elephant (D)
  A molten gargoyle (D)
  A cane toad (D)
  A rime drake (D)
  2 komodo dragons (D)
  An ice devil (D)
  A hellwing (D)
  A red devil (D)
  A polar bear (D)
  2 hornets (D)
  2 jumping spiders (D)
  A redback (D)
  An air elemental (D)
  A vampire (D)
  A spriggan (D)
  A ynoxinul (D)
  A fire bat (D)
  7 yaks (D)
  2 basilisks (D)
  4 hell hounds (D)
  A floating eye (D)
  2 black bears (D)
  2 eyes of draining (D)
  An ice beast (D)
  An orc warrior (D)
  4 wolves (D)
  A centaur (D)
  A big kobold (D)
  2 scorpions (D)
  A small abomination (D)
  3 wights (D)
  A quasit (D)
  An orc priest (D)
  An iron imp (D)
  Ijyb (D)
  An iguana (D)
  An orc wizard (D)
  A worker ant (D)
  2 gnolls (D)
  A river rat (D)
  2 white imps (D)
  3 adder zombies (D)
  A leopard gecko (D)
  5 orcs (D)
  2 ball pythons (D)
  A bat zombie (D)
  2 giant cockroaches (D)
  2 hobgoblins (D)
  4 jackals (D)
  A ball python simulacrum (D)
  2 bats (D)
  A kobold (D)
  A rat (D)
138 creatures vanquished.

Vanquished Creatures (collateral kills)
  A fire dragon (D)
  A death knight (D)
  A hell hog (D)
  2 skeletal warriors (D)
  A glowing orange brain (shapeshifter) (D)
  An orc knight (D)
  5 elephants (D)
  A redback (D)
  2 yaks (D)
  3 wolves (D)
18 creatures vanquished.

Grand Total: 156 creatures vanquished

Notes
Turn   | Place    | Note
-------+----------+-------------------------------------------
     0 | D        | mhtbhm the Minotaur Fighter began the quest for the Orb.
     0 | D        | Reached XP level 1. HP: 19/19 MP: 0/0
    25 | D        | Found a bloodstained altar of Trog.
    25 | D        | Found a shimmering blue altar of Sif Muna.
    25 | D        | Found a viscous altar of Jiyva.
    25 | D        | Found a hazy altar of Hepliaklqana.
    25 | D        | Found an opulent altar of Gozag.
    26 | D        | Found a glowing golden altar of the Shining One.
    26 | D        | Found a glowing silver altar of Zin.
    26 | D        | Found a basalt altar of Yredelemnul.
    26 | D        | Found a shimmering altar of Xom.
    26 | D        | Found an ornate altar of the Wu Jian Council.
    26 | D        | Found a sacrificial altar of Ru.
    26 | D        | Found a stormy altar of Qazlal.
    26 | D        | Found an iron altar of Okawaru.
    26 | D        | Found a sparkling altar of Nemelex Xobeh.
    26 | D        | Found a burning altar of Makhleb.
    26 | D        | Found a blossoming altar of Fedhas.
    26 | D        | Found a white marble altar of Elyvilon.
    26 | D        | Found a shadowy altar of Dithmenos.
    26 | D        | Found a snail-covered altar of Cheibriados.
    29 | D        | Found a corrupted altar of Lugonu.
    29 | D        | Found a radiant altar of Vehumet.
    29 | D        | Found a roughly hewn altar of Beogh.
    30 | D        | Became a worshipper of Trog the Wrathful
   114 | D        | Reached * piety under Trog
   115 | D        | Reached XP level 2. HP: 24/28 MP: 1/1
   116 | D        | Reached skill level 3 in Axes
   119 | D        | Reached ** piety under Trog
   154 | D        | Noticed a wight
   154 | D        | Noticed a wight
   154 | D        | Noticed a wight
   162 | D        | Killed a wight
   162 | D        | Reached *** piety under Trog
   163 | D        | Reached skill level 5 in Fighting
   163 | D        | Reached skill level 4 in Axes
   163 | D        | Reached skill level 5 in Armour
   163 | D        | Reached XP level 3. HP: 37/37 MP: 2/2
   167 | D        | Reached skill level 5 in Axes
   167 | D        | Reached XP level 4. HP: 45/45 MP: 3/3
   168 | D        | Reached XP level 5. HP: 52/52 MP: 4/4
   293 | D        | Noticed an ice beast
   299 | D        | Killed an ice beast
   299 | D        | Reached **** piety under Trog
   300 | D        | Reached skill level 6 in Axes
   300 | D        | Reached skill level 1 in Dodging
   302 | D        | Reached skill level 7 in Axes
   302 | D        | Reached XP level 6. HP: 62/62 MP: 5/5
   447 | D        | Reached ***** piety under Trog
   459 | D        | Received a gift from Trog
   556 | D        | Noticed a cyclops
   556 | D        | Noticed a rime drake
   560 | D        | Killed a rime drake
   561 | D        | Reached skill level 10 in Fighting
   561 | D        | Reached skill level 9 in Axes
   561 | D        | Reached skill level 10 in Shields
   561 | D        | Reached XP level 7. HP: 72/72 MP: 6/6
   564 | D        | Killed a cyclops
   565 | D        | Reached skill level 10 in Axes
   565 | D        | Reached skill level 10 in Armour
   669 | D        | Found a hide-covered altar of Uskayaw.
   669 | D        | Found an ancient bone altar of Kikubaaqudgha.
   669 | D        | Found a broken altar of Ashenzari.
   697 | D        | Noticed a two-headed ogre
   703 | D        | Reached XP level 8. HP: 71/82 MP: 7/7
   706 | D        | Killed a two-headed ogre
   707 | D        | Reached skill level 12 in Axes
   798 | D        | Noticed a komodo dragon
   798 | D        | Noticed a deep elf zephyrmancer
   802 | D        | Killed a deep elf zephyrmancer
   802 | D        | Received a gift from Trog
   803 | D        | Reached skill level 13 in Axes
   803 | D        | Reached XP level 9. HP: 91/91 MP: 8/8
   804 | D        | Killed a komodo dragon
   960 | D        | Noticed Urug
   962 | D        | Noticed a nagaraja
   969 | D        | Killed Urug
   970 | D        | Reached skill level 14 in Axes
   975 | D        | Killed a nagaraja
   975 | D        | Received a gift from Trog
   976 | D        | Reached skill level 15 in Axes
   976 | D        | Reached XP level 10. HP: 102/102 MP: 9/9
  1076 | D        | Noticed an eidolon
  1083 | D        | Killed an eidolon
  1084 | D        | Reached skill level 16 in Axes
  1120 | D        | Noticed a death cob
  1135 | D        | Killed a death cob
  1136 | D        | Reached skill level 17 in Axes
  1137 | D        | Reached ****** piety under Trog
  1138 | D        | Reached skill level 15 in Fighting
  1446 | D        | Noticed an elephant
  1456 | D        | Killed an elephant
  1456 | D        | Received a gift from Trog
  1457 | D        | Reached skill level 18 in Axes
  1457 | D        | Reached XP level 11. HP: 109/112 MP: 10/10
  1535 | D        | Noticed a vampire knight
  1552 | D        | Killed a vampire knight
  1556 | D        | Received a gift from Trog
  1751 | D        | Noticed a deep elf zephyrmancer
  1751 | D        | Noticed an alligator snapping turtle
  1758 | D        | Reached skill level 5 in Dodging
  1765 | D        | Killed an alligator snapping turtle
  1766 | D        | Reached skill level 15 in Shields
  1769 | D        | Killed a deep elf zephyrmancer
  1770 | D        | Reached skill level 19 in Axes
  1770 | D        | Reached skill level 15 in Armour
  2070 | D        | Received a gift from Trog
  2161 | D        | Received a gift from Trog
  2400 | D        | Noticed a lindwurm
  2401 | D        | Noticed an eight-headed hydra
  2408 | D        | Killed a lindwurm
  2408 | D        | Received a gift from Trog
  2411 | D        | Killed a 13-headed hydra
  2638 | D        | Noticed a death yak
  2643 | D        | Killed a death yak
  2654 | D        | Noticed an orc knight
  2654 | D        | Noticed Ijyb
  2658 | D        | Noticed a merfolk avatar
  2665 | D        | Reached XP level 12. HP: 125/125 MP: 3/11
  2666 | D        | Received a gift from Trog
  2672 | D        | Killed Ijyb
  2673 | D        | Reached skill level 20 in Axes
  2673 | D        | Received a gift from Trog
  2681 | D        | Killed a merfolk avatar
  2998 | D        | Noticed a death cob
  2998 | D        | Noticed a shadow dragon
  2998 | D        | Noticed a fire dragon
  2998 | D        | Noticed a deep elf death mage
  2998 | D        | Noticed a great orb of eyes
  2998 | D        | Noticed a death knight
  3006 | D        | Killed a death cob
  3006 | D        | Received a gift from Trog
  3011 | D        | Killed a deep elf death mage
  3018 | D        | HP: 6/187 [fire crab (12)]
  3019 | D        | Killed a great orb of eyes
  3019 | D        | Received a gift from Trog
  3020 | D        | Killed a shadow dragon
  3021 | D        | Reached skill level 21 in Axes
  3029 | D        | Killed a fire dragon
  3031 | D        | Killed a death knight
  3152 | D        | Got the +7 morningstar "Weik" {vamp, +Inv Int+2}
  3463 | D        | Noticed a hell hog
  3463 | D        | Noticed a centaur warrior
  3468 | D        | Killed a hell hog
  3469 | D        | Received a gift from Trog
  3470 | D        | Killed a centaur warrior
  3473 | D        | Noticed a hell hog
  3479 | D        | Killed a hell hog
  3485 | D        | Reached XP level 13. HP: 125/137 MP: 2/12
  3488 | D        | Received a gift from Trog
  3494 | D        | Noticed a minotaur
  3514 | D        | Killed a minotaur
  3514 | D        | Received a gift from Trog
  3520 | D        | Identified the +6 scale mail of Circular Logic {+Blink rC-
                  | Regen+ Dex+2}
  3534 | D        | Received a gift from Trog
  3551 | D        | Reached skill level 22 in Axes
  3551 | D        | Reached skill level 1 in Evocations
  3560 | D        | Received a gift from Trog
  3915 | D        | Noticed a Killer Klown
  3922 | D        | Killed a Killer Klown
  3922 | D        | Received a gift from Trog
  3991 | D        | Noticed a royal mummy
  3998 | D        | Killed a royal mummy
  4233 | D        | Noticed a Hell Sentinel
  4245 | D        | Killed a Hell Sentinel
  4354 | D        | Noticed the 27-headed Lernaean hydra
  4361 | D        | Killed the 22-headed Lernaean hydra
  4362 | D        | Reached skill level 23 in Axes
  4362 | D        | Reached XP level 14. HP: 89/151 MP: 13/13
  4616 | D        | Noticed a Brimstone Fiend
  4623 | D        | Killed a Brimstone Fiend
  4623 | D        | Received a gift from Trog
  4624 | D        | Reached skill level 5 in Evocations
  4763 | D        | Noticed a white draconian annihilator
  4768 | D        | Killed a white draconian annihilator
  4929 | D        | Noticed an orc warlord
  4929 | D        | Noticed an orc warlord
  4929 | D        | Noticed Mennas
  4936 | D        | Received a gift from Trog
  4940 | D        | Received a gift from Trog
  4949 | D        | HP: 4/154 [Mennas/+3 trishula of holy wrath (14)]
  4951 | D        | Slain by an orc knight

Illustrated notes

Levels and vault maps discovered:
D:        pitsprint [storerooms_1, entrance_room_1, metal_vault_3, armoury_3,
          mini_pit_1, grid_room_1, main_hall_1, silver_pit, the_coven_3,
          the_vestibule_1, steel_vault_1, golden_pit, hallway_of_sentries,
          crystal_vault_4, iron_vault_5, final_vault]

Skill      XL: |  1  2  3  4  5  6  7  8  9 10 11 12 13 14 |
---------------+-------------------------------------------+-----
Fighting       | 4 5 6 7 8 10 11 12 13 15 17 19 21 22 | 22.0
Armour         | 4 5 6 8 9 10 11 12 14 15 17 20 | 20.7
Shields        | 4 6 7 9 10 11 12 13 14 16 18 20 21 | 21.2
Axes           | 4 5 7 9 10 13 15 18 19 21 23 | 23.5
Dodging        | 1 2 3 4 6 7 8 9 |  9.7
Evocations     | 4 5 |  5.3
Stealth        | |  0.2

Action                   |  1- 3 |  4- 6 |  7- 9 | 10-12 | 13-15 || total
-------------------------+-------+-------+-------+-------+-------++-------
Melee: Hand axe          |    23 |    24 |     4 |       |       ||    51
       War axe           |     8 |       |       |    43 |    39 ||    90
       Headbutt          |     3 |     4 |     5 |    41 |    25 ||    78
       Broad axe         |       |       |    22 |   124 |    49 ||   195
Invok: Berserk           |     1 |     2 |     2 |    10 |     7 ||    22
       Brothers in Arms  |       |       |       |     1 |     5 ||     6
Evoke: Lightning rod     |       |       |       |       |    10 ||    10
  Use: Potion            |       |       |       |     3 |    10 ||    13
       Scroll            |       |       |       |     1 |     1 ||     2
 Stab: Invisible         |       |       |       |       |     5 ||     5
Armor: Scale mail        |    11 |       |       |       |       ||    11
       Plate armour      |       |     8 |       |       |       ||     8
       Chain mail        |       |       |    11 |    94 |    58 ||   163
Dodge: Dodged            |     5 |     2 |     5 |    74 |    49 ||   135
Block: Kite shield       |    19 |     9 |    15 |   120 |    31 ||   194
       Tower shield      |       |       |       |       |    73 ||    73

Table legend: (Time is in decaauts)
 A = Elapsed time spent in this place.
 B = Non-inter-level travel time spent in this place.
 C = Inter-level travel time spent in this place.
 D = Time resting spent in this place.
 E = Time spent auto-exploring this place.
 F = Levels seen in this place.
 G = Mean time per level.
                   A        B        C        D        E       F      G
               +--------+--------+--------+--------+--------+-----+--------+
         Total |   5101 |   5038 |     63 |   3504 |     78 |   1 | 5101.0 |
       Dungeon |   5101 |   5038 |     63 |   3504 |     78 |   1 | 5101.0 |
               +--------+--------+--------+--------+--------+-----+--------+

Top non-repeatable levels by time:
       D: 5101 daAuts
